 Dungeon Crawl Stone Soup version 0.28.0-43-g3370ac3207 (webtiles) character file.

Game seed: 13104310089528691563

27 terff the Ducker (level 2, 0/22 HPs)
             Began as a Demonspawn Gladiator on Mar 30, 2022.
             Slain by an adder (3 damage)
             ... on level 1 of the Dungeon.
             The game lasted 00:01:28 (859 turns).

terff the Ducker (Demonspawn Gladiator)              Turns: 859, Time: 00:01:29

Health: 0/22       AC:  7    Str: 14    XL:     2   Next: 93%
Magic:  2/2        EV: 12    Int:  9    God:
Gold:   6          SH:  0    Dex: 14    Spells: 1/1 levels left

rFire   . . .      SeeInvis .   a - +0 flail
rCold   . . .      Faith    .   (no shield)
rNeg    . . .      Spirit   .   b - +0 leather armour
rPois   .          Reflect  .   e - +1 helmet
rElec   .          Harm     .   (no cloak)
rCorr   .          Rampage  .   (no gloves)
Will    .....                   (no boots)
Stlth   +.........              (no amulet)
HPRegen 0.07/turn               (no ring)
MPRegen 0.08/turn               (no ring)

@: about to teleport
A: yellow scales 1
a: no special abilities


You were on level 1 of the Dungeon.
You visited 1 branch of the dungeon, and saw 2 of its levels.

You collected 6 gold pieces.

Inventory:

Hand Weapons
 a - a +0 flail (weapon)
Missiles
 d - 3 throwing nets (quivered)
Armour
 b - a +0 leather armour (worn)
 e - a +1 helmet (worn)
Scrolls
 c - a scroll of identify {unknown}
Potions
 f - a potion of lignification {unknown}
 g - 2 potions of brilliance {unknown}


   Skills:
 + Level 2.2 Fighting
 + Level 3.1 Maces & Flails
 + Level 1.8 Throwing
 + Level 0.1 Armour
 + Level 3.2 Dodging


You had one spell level left.
You didn't know any spells.
Your spell library was empty.

Dungeon Overview and Level Annotations

Branches:
Dungeon (2/15)

Altars:


Innate Abilities, Weirdness & Mutations

You are partially covered in yellow scales. (AC +2)


Message History

You kill the kobold!
The goblin completely misses you. The adder bites you but does no damage.
You hit the goblin.
You kill the goblin!
The adder barely misses you. x2
The adder closely misses you.
Things that are here:
a +0 club; a goblin corpse You closely miss the adder.
The adder misses you. The dart slug launches a dart at you.
The slug dart hits you but does no damage.
The adder barely misses you.
You miss the adder. The adder bites you. The endoplasm hits you.
You closely miss the adder. The adder barely misses you.
The endoplasm jiggles.
The endoplasm freezes you.
You are frozen.
The adder bites you but does no damage.
You closely miss the adder. The endoplasm freezes you.
You are frozen.
The adder bites you but does no damage. The dart slug launches a dart at you.
The slug dart hits you but does no damage.
You barely miss the adder. The adder bites you but does no damage.
The endoplasm misses you. The adder bites you. The endoplasm freezes you.
You are frozen.
You closely miss the adder. The adder bites you but does no damage.
The dart slug misses you. The endoplasm freezes you.
You are frozen.
The adder closely misses you.
There is a stone staircase leading up here.
The adder closely misses you. The endoplasm freezes you.
You are frozen.
* * * LOW HITPOINT WARNING * * *
You climb upwards.
There is a stone staircase leading down here.
As you read the scroll of teleportation, it crumbles to dust.
You feel strangely unstable. The adder bites you.
You die...

########## #####
##...##...##
...<#
##.....S....##
#####
#......@J....#
#............#
#............#
#...........##
##†#....#...##
####..####.#####
######....## #.#
....#..#### #.#
###.#.## #.#


You could see an adder and an endoplasm.

Vanquished Creatures
  A dart slug (D:1)
  A bat (D:1)
  3 endoplasms (D:1)
  3 giant cockroaches (D:1)
  A goblin (D:2)
  2 hobgoblins (D:1)
  2 ball pythons (D:1)
  A frilled lizard (D:1)
  4 kobolds
  5 rats (D:1)
23 creatures vanquished.

Notes
Turn   | Place    | Note
-------+----------+-------------------------------------------
     0 | D:1      | terff the Demonspawn Gladiator began the quest for the Orb.
     0 | D:1      | Reached XP level 1. HP: 16/16 MP: 1/1
   149 | D:1      | Gained mutation: You are partially covered in yellow
                  | scales. (AC +2) [demonic ancestry]
   149 | D:1      | Reached XP level 2. HP: 21/22 MP: 2/2
   489 | D:1      | Found a faded altar of an unknown god.
   859 | D:1      | Slain by an adder

Illustrated notes

Levels and vault maps discovered:
D:1:      amcnicky_arrival_feature_with_door, layout_rooms,
          shapermc_ecumenical_altar_gd, amcnicky_mini_corridor_feature
D:2:      layout_rooms

Skill      XL: |  1  2 |
---------------+-------+-----
Dodging        | 3 |  3.2
Maces & Flails | 3 |  3.1
Fighting       | |  2.2
Throwing       | |  1.8
Armour         | |  0.1

Action                   || total
-------------------------++-------
Melee: Flail             ||    56
  Use: Scroll            ||     3
Armor: Leather armour    ||    33
Dodge: Dodged            ||    60
